Map: Triton LE

Players

Duriel

  • Race: Zerg Zerg
  • League: Platinum
  • Spawn Location: 11:00

TriggerFinge - Winner!

  • Race: Terran Terran
  • League: Platinum
  • Spawn Location: 5:00

VOD

Have the link to the VOD?

Description

Time

  • Played on: Feb. 8, 2020, 2:49 p.m.
  • Length: 16:51
Show
View Real Time Build Order
Export as new Build Order

Duriel Zerg 

Build Orders: Hatch First, Lurkers, Roach Nydus 

Get SALT Encoding   

  12  0:03  Drone  
  13  0:12  Drone  
  14  0:20  Overlord  
  14  0:27  Extractor  
  13  0:29  Drone x2, Extractor  
  16  0:39  Drone  
  17  0:52  Hatchery  
  16  0:57  Drone  
  16  1:00  Drone  
  18  1:05  Extractor  
  17  1:12  Drone  
  18  1:19  Spawning Pool  
  18  1:21  Drone  
  18  1:29  Drone  
  19  1:40  Overlord  
  19  1:51  Drone  
  20  2:06  Queen x2  
  26  2:08  Zergling x4  
  26  2:13  Zergling x2  
  27  2:17  Drone  
  27  2:21  Metabolic Boost  
  28  2:24  Drone  
  28  2:27  Drone  
  29  2:43  Drone  
  30  2:47  Drone x2  
  31  2:51  Extractor  
  31  2:54  Evolution Chamber  
  31  2:55  Drone  
  30  2:58  Overlord  
  30  3:10  Drone x3  
  33  3:13  Extractor  
  33  3:18  Lair  
  32  3:22  Roach Warren  
  32  3:23  Drone  
  32  3:24  Drone x2  
  34  3:28  Overlord  
  34  3:30  Drone  
  35  3:40  Drone x2  
  36  3:46  Drone x2  
  38  3:50  Drone x3  
  38  3:55  Drone  
  42  3:56  Zerg Missile Weapons Level 1  
  42  3:59  Overlord  
  42  4:02  Drone  
  43  4:04  Drone  
  43  4:25  Glial Reconstitution  
  43  4:28  Roach x7  
  56  4:43  Nydus Network  
  55  4:46  Roach x2  
  55  4:49  Overlord x2  
  55  4:50  Overlord  
  59  5:00  Overlord  
  59  5:02  Overlord  
  59  5:08  Roach x4  
  59  5:12  Ravager x3  
  70  5:16  Overseer  
  70  5:29  Roach x3  
  70  5:30  Roach x2  
  80  5:35  Overlord  
  80  5:36  Overlord  
  80  5:44  Nydus Canal  
  82  5:50  Roach x3  
  52  6:25  Roach x11  
  65  6:32  Nydus Canal  
  63  6:33  Zergling x6  
  66  6:43  Overlord  
  66  6:46  Overlord x2  
  66  6:51  Ravager x2  
  68  6:54  Zergling x4  
  70  7:02  Roach  
  72  7:08  Hatchery  
  69  7:19  Roach x7  
  69  7:20  Roach  
  71  7:34  Zergling x6  
  68  7:44  Nydus Canal  
  68  7:45  Ravager  
  62  8:12  Roach  
  62  8:13  Roach x8  
  62  8:14  Roach x2  
  62  8:17  Queen  
  81  8:40  Zergling x8  
  84  8:50  Ravager x4  
  84  8:53  Zergling x2  
  84  8:54  Zergling x14  
  90  9:03  Overseer  
  73  9:28  Zergling x2  
  73  9:29  Zergling x12  
  75  9:37  Queen  
  75  9:38  Drone x3  
  60  9:46  Roach x3  
  60  9:57  Drone x2  
  57  10:12  Queen  
  57  10:14  Drone x5  
  60  10:19  Nydus Canal  
  63  10:21  Drone  
  63  10:22  Drone x2  
  63  10:26  Overlord x2  
  66  10:28  Zerg Ground Armor Level 1  
  66  10:32  Evolution Chamber  
  66  10:34  Tunneling Claws, Hydralisk Den  
  64  10:36  Burrow  
  64  10:37  Drone  
  64  10:38  Drone  
  64  10:41  Drone, Extractor  
  66  10:49  Overlord  
  66  10:51  Overlord  
  66  11:05  Drone x3, Extractor  
  66  11:06  Extractor  
  66  11:07  Drone x8  
  75  11:12  Overlord x2  
  75  11:16  Pneumatized Carapace  
  75  11:24  Drone x2  
  77  11:36  Hydralisk x3  
  77  11:38  Lurker Den  
  77  11:39  Roach  
  90  11:40  Roach x5  
  90  11:45  Zerg Missile Weapons Level 2  
  90  11:46  Muscular Augments  
  94  11:57  Hydralisk x2  
  94  11:58  Hydralisk  
  100  12:05  Hatchery  
  91  12:20  Hatchery  
  90  12:31  Spine Crawler x2  
  90  12:32  Spine Crawler  
  90  12:34  Overlord x2  
  88  12:46  Lurker x2  
  88  12:47  Lurker x3  
  88  12:49  Hatchery  
  91  12:57  Drone  
  91  12:58  Grooved Spines, Drone x4  
  96  13:02  Infestation Pit  
  95  13:22  Drone x4  
  95  13:25  Zerg Ground Armor Level 2  
  99  13:28  Drone x5  
  99  13:29  Drone x4  
  108  13:37  Extractor  
  108  13:38  Extractor  
  108  13:39  Drone  
  107  13:47  Extractor  
  107  13:48  Extractor  
  105  13:53  Spire  
  104  14:08  Spore Crawler  
  104  14:09  Hive  
  103  14:14  Drone x3  
  103  14:16  Drone x6  
  112  14:26  Roach  
  112  14:27  Roach x4  
  122  14:34  Queen  
  122  14:35  Drone  
  125  14:40  Drone x3  
  126  15:06  Roach x3, Hydralisk x6  
  126  15:07  Roach x4  
  141  15:11  Nydus Canal  
  147  15:14  Overlord  
  147  15:15  Overlord  
  126  15:36  Zergling x2  
  126  15:37  Zergling x30  
  119  16:09  Hydralisk  
  119  16:10  Hydralisk x12  
  144  16:15  Nydus Canal  
  132  16:32  Drone x2  
Show
View Real Time Build Order
Export as new Build Order

TriggerFinge Terran - Winner!

Build Orders: Gas First Reaper Expand 

Get SALT Encoding   

  12  0:01  SCV  
  13  0:13  SCV  
  14  0:17  Supply Depot  
  14  0:25  SCV  
  14  0:27  Refinery  
  15  0:39  SCV  
  16  0:45  Barracks  
  16  0:51  SCV  
  17  1:03  SCV  
  18  1:15  SCV  
  19  1:31  Orbital Command  
  19  1:32  Reaper  
  20  1:43  Command Center  
  20  1:54  Factory  
  20  1:57  SCV  
  21  2:04  Barracks Tech Lab  
  21  2:10  SCV  
  21  2:14  Supply Depot  
  22  2:16  Refinery  
  22  2:22  SCV  
  23  2:35  SCV  
  24  2:41  Factory Tech Lab  
  24  2:47  SCV  
  25  2:57  Orbital Command  
  25  2:58  Command Center  
  25  3:01  SCV  
  26  3:09  Marine  
  26  3:10  Siege Tank  
  29  3:14  SCV  
  30  3:24  SCV  
  30  3:26  SCV  
  32  3:27  Marine  
  33  3:40  SCV  
  34  3:42  SCV, Stimpack, Siege Tank  
  34  3:45  Marine  
  39  3:52  Supply Depot  
  39  3:54  SCV  
  40  4:00  Starport  
  40  4:03  SCV, Marine  
  40  4:06  SCV  
  43  4:15  SCV  
  43  4:16  Siege Tank  
  47  4:20  SCV  
  47  4:21  Marine  
  49  4:25  Orbital Command  
  49  4:27  SCV  
  50  4:38  Viking  
  52  4:39  SCV x2  
  54  4:47  Marine  
  54  4:48  Command Center  
  55  4:53  SCV x3  
  58  5:00  Barracks  
  58  5:01  Barracks  
  58  5:05  SCV, Marine  
  60  5:07  Refinery  
  60  5:13  SCV x2  
  62  5:17  SCV  
  63  5:23  Marine  
  63  5:24  Refinery  
  63  5:25  Combat Shield  
  63  5:26  SCV  
  63  5:27  SCV, Supply Depot  
  66  5:28  Supply Depot  
  66  5:34  Engineering Bay  
  66  5:35  Engineering Bay  
  66  5:40  SCV x3  
  69  5:48  Marine  
  69  5:49  Marine x2, Siege Tank  
  75  5:52  SCV  
  75  6:06  Marine  
  75  6:07  Marine x2  
  55  6:24  Marine x2  
  55  6:25  Marine  
  52  6:29  SCV  
  52  6:30  SCV x2, Planetary Fortress  
  55  6:41  SCV  
  55  6:42  SCV x2, Marine x3  
  61  6:50  Starport Reactor  
  61  6:53  SCV  
  62  6:54  SCV x2  
  62  7:00  Marine x3  
  67  7:02  Terran Infantry Weapons Level 1, Terran Infantry Armor Level 1  
  67  7:06  SCV x2  
  65  7:18  Marine x2  
  59  7:28  Siege Tank  
  59  7:29  Marine  
  58  7:32  SCV x3  
  58  7:35  Marine  
  58  7:36  Marine  
  51  7:44  SCV x3  
  51  7:47  Marine  
  52  7:53  Marine  
  52  7:54  Marine  
  52  7:56  SCV x3  
  51  8:04  Marine  
  50  8:08  SCV  
  50  8:09  SCV  
  50  8:11  Marine x2  
  54  8:13  SCV  
  55  8:20  SCV, Barracks  
  55  8:21  SCV, Medivac x2  
  55  8:22  Marine  
  55  8:23  Barracks  
  55  8:25  SCV, Barracks  
  55  8:26  Barracks  
  63  8:29  Marine x2  
  63  8:32  SCV  
  63  8:33  SCV  
  65  8:35  Siege Tank  
  65  8:40  Marine  
  69  8:47  Marine x2  
  69  8:50  SCV x2  
  69  8:51  SCV  
  70  8:56  Supply Depot x2  
  70  8:58  Marine  
  67  9:02  SCV  
  67  9:04  Marine  
  67  9:05  Marine  
  67  9:07  Siege Tank  
  70  9:16  Marine  
  71  9:18  Supply Depot  
  71  9:19  Marine x2  
  71  9:20  Marine x2  
  71  9:22  Marine  
  71  9:23  Marine  
  68  9:32  Orbital Command  
  68  9:33  Marine  
  68  9:34  SCV  
  68  9:35  SCV  
  68  9:37  Marine x3  
  68  9:38  Marine  
  73  9:40  Marine x2  
  72  9:51  Marine  
  73  9:55  Marine x4  
  73  9:58  Marine x2  
  79  10:08  SCV  
  79  10:09  SCV x2, Marine  
  79  10:13  Marine x4  
  87  10:16  Marine x2  
  87  10:20  SCV  
  87  10:21  SCV  
  92  10:27  Marine  
  93  10:30  Orbital Command  
  93  10:31  Marine x4  
  93  10:32  SCV  
  93  10:33  SCV, Marine  
  99  10:44  SCV  
  99  10:48  SCV, Medivac x2  
  105  10:54  Supply Depot x3  
  105  10:57  SCV, Supply Depot  
  106  10:58  SCV  
  106  10:59  Barracks Tech Lab  
  106  11:00  Barracks Reactor x2, SCV, Barracks Tech Lab x3  
  108  11:14  Refinery  
  108  11:15  SCV x3  
  108  11:16  Engineering Bay  
  108  11:17  Armory x2  
  111  11:21  Missile Turret  
  111  11:27  SCV x3  
  111  11:31  Command Center  
  111  11:32  Siege Tank  
  117  11:39  SCV x4  
  121  11:41  Marine x3  
  121  11:42  Marine x6  
  121  11:45  Command Center  
  130  11:47  Command Center  
  130  11:49  Command Center  
  130  11:51  SCV x3  
  130  11:53  Supply Depot  
  133  11:55  Supply Depot  
  133  11:59  Marine x7  
  140  12:14  SCV, Marine x2  
  143  12:17  Marine  
  144  12:27  Terran Infantry Armor Level 2, Terran Infantry Weapons Level 2  
  144  12:28  Terran Vehicle Weapons Level 1, Terran Ship Weapons Level 1  
  144  12:33  Refinery  
  144  12:47  Missile Turret  
  144  12:49  SCV  
  144  12:50  SCV x2  
  147  12:51  Planetary Fortress  
  147  12:58  Orbital Command  
  147  12:59  Planetary Fortress  
  147  13:00  Planetary Fortress  
  147  13:01  SCV  
  147  13:02  SCV x2  
  147  13:04  Missile Turret  
  147  13:05  Missile Turret  
  150  13:06  Missile Turret  
  150  13:22  Starport  
  150  13:24  Starport  
  150  13:27  Barracks  
  150  13:31  Barracks  
  150  13:36  Barracks  
  150  13:37  SCV x4  
  150  13:40  Refinery x2  
  154  13:53  Marine  
  154  13:54  Command Center, Marine x3  
  158  13:56  Command Center  
  158  13:57  Command Center  
  158  13:58  Command Center  
  158  14:00  Command Center  
  158  14:01  Command Center  
  158  14:08  Factory  
  158  14:09  Starport Reactor x2  
  158  14:10  Factory  
  158  14:12  Factory  
  158  14:13  Refinery x2  
  158  14:18  Refinery  
  158  14:19  Refinery, Liberator x2  
  164  14:30  Terran Vehicle Weapons Level 2, Terran Ship Weapons Level 2  
  164  14:54  Barracks Tech Lab x3  
  164  15:11  Refinery  
  164  15:12  Refinery  
  164  15:14  Missile Turret  
  164  15:15  Planetary Fortress x3  
  164  15:20  Missile Turret  
  164  15:21  Missile Turret  
  164  15:22  Planetary Fortress x2, Missile Turret  
  162  15:34  Missile Turret  
  110  15:38  Marine  
  110  15:39  Marine x11  
  110  15:41  Missile Turret  
  117  15:42  Missile Turret  
  117  15:44  Missile Turret  
  117  15:54  Missile Turret  
  117  15:56  Marine  
  117  15:57  Marine x11  
  115  15:58  Medivac  
  115  15:59  Missile Turret  
  124  16:05  SCV x4  
  131  16:14  Marine x5  
  131  16:15  Marine x7  
  131  16:17  SCV  
  144  16:32  Marine x11  
  144  16:33  Marine  
Tags
 
Add a new tag
Caveats
  • Supply blocks, unpowered buildings, or Contaminate may cause inaccurate times.
  • Supply counts are checked every 10 seconds.